 Dungeon Crawl Stone Soup version 0.31-a0-968-g24f9ace8b5 (webtiles) character file.

Game seed: 5212473439467530535

24 croobank the Sneak (level 2, -8/24 HPs)
             Began as a Demonspawn Delver on Oct 27, 2023.
             Mangled by an ogre
             ... wielding a +0 giant club
              (9 damage)
             ... on level 4 of the Dungeon.
             The game lasted 00:04:09 (692 turns).

croobank the Sneak (Demonspawn Delver)               Turns: 692, Time: 00:04:10

Health: -8/24      AC:  4    Str: 12    XL:     2   Next: 79%
Magic:  2/2        EV: 12    Int: 11    God:
Gold:   4          SH:  0    Dex: 14    Spells: 1/1 levels left

rFire   . . .        a - +0 short sword
rCold   . . .        (no shield)
rNeg    . . .        b - +0 leather armour
rPois   .            (no helmet)
rElec   .            (no cloak)
rCorr   .            (no gloves)
SInv    .            (no boots)
Will    .....        (no amulet)
Stlth   +++          (no ring)
HPRegen 0.24/turn    (no ring)
MPRegen 0.08/turn

%: no passive effects
@: hasted, very quick
A: rugged brown scales 1
a: no special abilities


You were on level 4 of the Dungeon.
You visited 1 branch of the dungeon, and saw 6 of its levels.

You collected 4 gold pieces.

Inventory:

Hand Weapons
 a - a +0 short sword (weapon)
 h - a +0 dagger
Armour
 b - a +0 leather armour (worn)
Wands
 g - a wand of digging (3)
Scrolls
 c - a scroll of fog
 d - a scroll of noise {unknown}
 i - a scroll of identify {unknown}
Potions
 j - a potion of curing {unknown}
 k - a potion of heal wounds {unknown}


   Skills:
 + Level 3.2 Fighting
 + Level 2.1 Short Blades
 + Level 2.1 Dodging
 + Level 4.7 Stealth


You had one spell level left.
You didn't know any spells.
Your spell library contained the following spells:

 Spells                   Type           Power      Damage    Failure   Level
 Slow                     Hex            0%         N/A       41%         1
 Confusing Touch          Hex            0%         N/A       80%         3
 Sigil of Binding         Hex            0%         N/A       80%         3
 Vampiric Draining        Necr           0%         2d6       80%         3


Dungeon Overview and Level Annotations

Branches:
Dungeon (9/15)
 Temple: D:4-7         Lair: D:8-11         Orc: D:9-12

Altars:


Innate Abilities, Weirdness & Mutations

You are partially covered in rugged brown scales. (AC +1, +3% HP)


Message History

The orc is severely wounded.
The orc completely misses you.
You hit the orc but do no damage.
The orc is severely wounded.
The orc misses you.
You hit the orc.
You kill the orc!
You hit the orc.
The orc is lightly wounded.
The orc closely misses you.
You barely miss the orc.
The orc is lightly wounded.
The orc barely misses you.
You barely miss the orc.
The orc is lightly wounded.
The orc hits you with a +0 mace.
You hit the orc.
The orc is heavily wounded.
The orc hits you with a +0 mace.
You closely miss the orc.
The orc is heavily wounded.
The orc hits you with a +0 mace.
* * * LOW HITPOINT WARNING * * *
You hit the orc.
You kill the orc!
You start resting.
HP restored.
Items here: ))) [ †.
You now have 4 gold pieces (gained 2).
An ogre comes into view. It is wielding a +0 giant club.
Found a scroll labelled JUOBBEU IFA NUY.
You hit the ogre.
The ogre is lightly wounded.
The ogre hits you with a +0 giant club!!
Ouch! That really hurt!
* * * LOW HITPOINT WARNING * * *
You are too injured to fight recklessly!
Okay, then.
You feel yourself speed up. The ogre hits you with a +0 giant club!
You die...

.##....##.....# ###.#####
.......##.....# #.......#
.......###########.....#.#
###.#### ..#.....#.# #.#
#.#.....#.# #.#
##.#.....#.# #.
..#.....#.# #O#.......#
#.#.##@####.#### ..
#...........# ...
#.####.###### ### #.# .?#
####


You could see an ogre.

Vanquished Creatures
  A shadow imp (D:5)
  A dart slug (D:4)
  6 orcs
  A goblin (D:4)
9 creatures vanquished.

Notes
Turn   | Place    | Note
-------+----------+-------------------------------------------
     0 | D:5      | croobank the Demonspawn Delver began the quest for the Orb.
     0 | D:5      | Reached XP level 1. HP: 18/18 MP: 1/1
   123 | D:9      | Noticed a wight
   123 | D:9      | Noticed a wight
   180 | D:6      | Gained mutation: You are partially covered in rugged brown
                  | scales. (AC +1, +3% HP) [demonic ancestry]
   180 | D:6      | Reached XP level 2. HP: 12/24 MP: 2/2
   333 | D:5      | Noticed a phantom
   689 | D:4      | Noticed an ogre
   691 | D:4      | HP: 1/24 [ogre/+0 giant club (23)]
   692 | D:4      | Mangled by an ogre

Illustrated notes

Levels and vault maps discovered:
D:4:      layout_loops_cross, mainiacjoe_overflow_six_doors_small,
          minmay_temple_entry_fiery, grunt_ministairs_3
D:5:      layout_loops_cross, corexii_checkpoint_a, uniq_blork_the_orc
D:6:      layout_gridville, slow_altar_2
D:7:      layout_layer_cave
D:8:      layout_loops_corners, nicolae_wu_jian_glorious_leap,
          okawaru_ov_weapons_minmay, uniq_maurice
D:9:      nicolae_moon_pools, layout_cave_pools, fedhas_bush_and_centaur_altar

Skill      XL: |  1 |
---------------+----+-----
Short Blades   | 2 |  2.1
Dodging        | 2 |  2.1
Fighting       | |  3.2
Stealth        | |  4.7

Action                     || total
---------------------------++-------
  Melee: Short sword       ||    56
    Use: Scroll            ||     2
         Potion            ||     1
   Stab: Sleeping          ||     1
 Armour: Leather armour    ||    31
  Dodge: Dodged            ||    22

Table legend: (Time is in decaauts)
 A = Elapsed time spent in this place.
 B = Non-inter-level travel time spent in this place.
 C = Inter-level travel time spent in this place.
 D = Time resting spent in this place.
 E = Time spent auto-exploring this place.
 F = Levels seen in this place.
 G = Mean time per level.
                   A        B        C        D        E       F      G
               +--------+--------+--------+--------+--------+-----+--------+
         Total |    687 |    654 |     33 |    244 |     39 |   6 |  114.5 |
       Dungeon |    687 |    654 |     33 |    244 |     39 |   6 |  114.5 |
               +--------+--------+--------+--------+--------+-----+--------+

Top non-repeatable levels by time:
     D:4: 283 daAuts
     D:5: 224 daAuts
     D:6: 93 daAuts
     D:8: 54 daAuts
     D:7: 21 daAuts
     D:9: 10 daAuts
